 Dungeon Crawl Stone Soup version 0.31-a0-806-g0bc164a743 (webtiles) character file.

Game seed: 1299185987518540577

587 arthad the Covered (level 7, -3/64 HPs)
             Began as an Armataur Fighter on Sept 20, 2023.
             Slain by an ogre
             ... wielding a +0 giant spiked club
              (25 damage)
             ... on level 5 of the Dungeon.
             The game lasted 00:04:25 (2493 turns).

arthad the Covered (Armataur Fighter)               Turns: 2493, Time: 00:04:26

Health: -3/64      AC: 10    Str: 23    XL:     7   Next: 15%
Magic:  7/7        EV:  8    Int:  9    God:
Gold:   130        SH:  4    Dex:  9    Spells: 6/6 levels left

rFire   . . .        a - +0 flail
rCold   . . .        c - +0 buckler
rNeg    . . .        n - +2 ring mail {rPois}
rPois   +            (no helmet)
rElec   .            (no cloak)
rCorr   .            i - +1 pair of gloves
SInv    .            (no barding)
Will    .....        h - amulet of regeneration Stlth
                     (no ring)
HPRegen 1.10/turn    (no ring)
MPRegen 0.10/turn

%: roll
@: mighty
A: large, rugged brown scales 3, deformed body, armoured tail, roll, long
tongue, awkward tongue
a: no special abilities


You were on level 5 of the Dungeon.
You visited 1 branch of the dungeon, and saw 5 of its levels.

You collected 130 gold pieces.

Inventory:

Hand Weapons
 a - a +0 flail (weapon)
Armour
 b - a +0 scale mail
 c - a +0 buckler (worn)
 i - a +1 pair of gloves (worn)
 n - a +2 ring mail of poison resistance (worn)
Jewellery
 h - an amulet of regeneration (around neck)
Wands
 p - a wand of roots (3)
Scrolls
 f - 2 scrolls of poison {unknown}
 g - 3 scrolls of identify {unknown}
 j - a scroll of enchant weapon {unknown}
 o - a scroll of torment {unknown}
 r - 2 scrolls of noise {unknown}
 s - 2 scrolls of fog {unknown}
 t - a scroll of blinking {unknown}
 v - a scroll of teleportation {unknown}
Potions
 d - a potion of might
 e - a potion of heal wounds {unknown}
 k - a potion of enlightenment {unknown}
 l - a potion of berserk rage {unknown}
 m - a potion of attraction {unknown}
 q - a potion of resistance {unknown}
 u - a potion of haste {unknown}


   Skills:
 * Level 4.9 Fighting
 * Level 4.3 Maces & Flails
 + Level 5.1 Armour
 + Level 4.7 Shields


You had 6 spell levels left.
You didn't know any spells.
Your spell library contained the following spells:

 Spells                   Type           Power      Damage    Failure   Level
 Poisonous Vapours        Pois/Air       0%         N/A       75%         2
 Mephitic Cloud           Conj/Pois/Air  0%         N/A       92%         3
 Manifold Assault         Tloc           0%         N/A       100%        4
 Freezing Cloud           Conj/Ice/Air   0%         6-21      100%        5
 Dispersal                Tloc           0%         N/A       100%        6
 Disjunction              Tloc           0%         N/A       100%        8


Dungeon Overview and Level Annotations

Branches:
Dungeon (5/15)             Temple (0/1) D:4

Altars:
Makhleb
Qazlal
Xom


Innate Abilities, Weirdness & Mutations

You are completely covered in rugged brown scales. (AC +3, +7% HP)
Armour fits poorly on your strangely shaped body.
You have a long armoured tail.
You roll when moving toward enemies. (Rampage)
Your long tongue fully drains potion bottles. (2x potion effects)
Your tongue gives you trouble enunciating. (1.5x scroll delay)


Message History

The hound closely misses you.
You thump the hound!
You kill the hound!
No target in view!
No target in view!
No target in view!
No target in view!
No target in view!
No target in view!
No target in view!
There is a stone staircase leading up here.
An ogre comes into view. It is wielding a +0 giant spiked club.
The ogre shouts!
The ogre moves out of view.
An ogre is nearby!
A bullfrog comes into view.
You roll towards the ogre!
You sock the ogre!
The ogre is moderately wounded.
The ogre hits you with a +0 giant spiked club!!
You hit the ogre.
Your tail-slap misses the ogre.
The ogre is heavily wounded.
The ogre hits you with a +0 giant spiked club!!
You are too injured to fight recklessly!
You are too injured to fight recklessly!
You are too injured to fight recklessly!
You are too injured to fight recklessly!
You are too injured to fight recklessly!
You are too injured to fight recklessly!
You are too injured to fight recklessly!
You are too injured to fight recklessly!
You are too injured to fight recklessly!
You are too injured to fight recklessly!
You are too injured to fight recklessly!
You feel very mighty all of a sudden.
You slurp down every last drop of the potion of might!
You barely miss the ogre. You tail-slap the ogre!
The ogre is almost dead.
The bullfrog closely misses you.
The ogre hits you with a +0 giant spiked club!!
You die...

.### ####...
#..... ....#
#...## ##....#
##...F.##...
##...@O......
#....##....##
##.### ...#
######..# ...#
###...##..##..#
... #.....<......#
..
#..............# .
#......§§≈......#
#......≈≈≈§.......


You could see an ogre and a bullfrog.

Vanquished Creatures
  2 black bears (D:4)
  2 ogres (D:4)
  A crimson imp (D:3)
  A hound (D:5)
  2 iguanas (D:4)
  An orc wizard (D:2)
  3 adders
  A white imp (D:4)
  A dart slug (D:2)
  7 orcs
  5 endoplasms
  2 giant cockroaches
  5 hobgoblins
  4 jackals (D:2)
  5 kobolds
  3 ball pythons
  7 bats
  3 frilled lizards
  8 goblins
  3 rats
66 creatures vanquished.

Notes
Turn   | Place    | Note
-------+----------+-------------------------------------------
     0 | D:1      | arthad the Armataur Fighter began the quest for the Orb.
     0 | D:1      | Reached XP level 1. HP: 19/19 MP: 1/1
   156 | D:1      | You fall into a shaft and drop 1 floor!
   189 | D:2      | Reached XP level 2. HP: 11/26 MP: 2/2
   416 | D:1      | Found a faded altar of an unknown god.
  1122 | D:2      | Reached XP level 3. HP: 33/33 MP: 3/3
  1310 | D:2      | Reached skill level 4 in Armour
  1310 | D:2      | Reached XP level 4. HP: 40/40 MP: 4/4
  1900 | D:3      | Found a burning altar of Makhleb.
  1900 | D:3      | Found a shimmering altar of Xom.
  2094 | D:4      | Reached XP level 5. HP: 49/49 MP: 5/5
  2094 | D:4      | Found a staircase to the Ecumenical Temple.
  2095 | D:4      | Noticed a black bear
  2101 | D:4      | Noticed an ogre
  2101 | D:4      | Killed a black bear
  2110 | D:4      | Killed an ogre
  2111 | D:4      | Reached XP level 6. HP: 49/56 MP: 6/6
  2255 | D:4      | Reached skill level 5 in Armour
  2266 | D:4      | Reached XP level 7. HP: 55/64 MP: 7/7
  2473 | D:5      | Entered Level 5 of the Dungeon
  2473 | D:5      | Found a stormy altar of Qazlal.
  2493 | D:5      | Slain by an ogre

Illustrated notes

Levels and vault maps discovered:
D:1:      beargit_arrival_diablo_church, layout_basic,
          ebering_ecumenical_altar_rust
D:2:      layout_basic, minmay_pentomino_w2
D:3:      layout_basic, grunt_temple_overflow_champion_of_chaos
D:4:      layout_basic, minmay_temple_entry_sparse_star
D:5:      layout_cave_pools, nicolae_qazlal_general_emergency,
          fedhas_altar_decomposition, kennysheep_vampire_church,
          serial_gnoll_camp, gnoll_camp_huts_moat, gnoll_camp_mini_house,
          gnoll_camp_mini_basic, gnoll_camp_mini_hut, gnoll_camp_mini_loothouse,
          gnoll_camp_mini_house

Skill      XL: |  1  2  3  4  5  6 |
---------------+-------------------+-----
Maces & Flails | 2 3 4 |  4.3
Fighting       | 3 4 |  4.9
Armour         | 4 5 |  5.1
Shields        | 4 |  4.7

Action                     |  1- 3 |  4- 6 |  7- 9 || total
---------------------------+-------+-------+-------++-------
  Melee: Flail             |   120 |    72 |    34 ||   226
         Tailslap          |     8 |     3 |     4 ||    15
  Evoke: Wand              |       |     4 |       ||     4
    Use: Potion            |       |       |     1 ||     1
 Armour: Scale mail        |   109 |    24 |       ||   133
         Ring mail         |       |    26 |    26 ||    52
  Dodge: Dodged            |    52 |    28 |    13 ||    93
  Block: Buckler           |    30 |    11 |     8 ||    49

Table legend: (Time is in decaauts)
 A = Elapsed time spent in this place.
 B = Non-inter-level travel time spent in this place.
 C = Inter-level travel time spent in this place.
 D = Time resting spent in this place.
 E = Time spent auto-exploring this place.
 F = Levels seen in this place.
 G = Mean time per level.
                   A        B        C        D        E       F      G
               +--------+--------+--------+--------+--------+-----+--------+
         Total |   2556 |   2477 |     79 |      0 |   1975 |   5 |  511.2 |
       Dungeon |   2556 |   2477 |     79 |      0 |   1975 |   5 |  511.2 |
               +--------+--------+--------+--------+--------+-----+--------+

Top non-repeatable levels by time:
     D:1: 982 daAuts
     D:2: 649 daAuts
     D:4: 476 daAuts
     D:3: 425 daAuts
     D:5: 21 daAuts
